 Dungeon Crawl Stone Soup version 0.25-a0-50-gf0389da217 (webtiles) character file.

Game seed: 12189656268624938250, levelgen mode: deterministic

43 Arixos the Sneak (level 3, -2/31 HPs)
             Began as a Naga Enchanter on Oct 24, 2019.
             Killed by nerve-wracking pain
             ... invoked by Jessica
              (11 damage)
             ... on level 2 of the Dungeon.
             The game lasted 00:05:58 (818 turns).

Arixos the Sneak (Naga Enchanter)                    Turns: 818, Time: 00:05:59

Health: -2/31      AC:  2    Str: 10    XL:     3   Next: 58%
Magic:  4/6        EV:  7    Int: 15    God:
Gold:   68         SH:  6    Dex: 12    Spells: 3/6 levels left

rFire    . . .     SeeInvis +   a - +1 dagger
rCold    . . .     Gourm    .   n - +0 shield
rNeg     . . .     Faith    .   b - +0 robe
rPois    +         Spirit   .   (no helmet)
rElec    .         Reflect  .   (no cloak)
rCorr    .         Harm     .   (no gloves)
MR       .....                  (no barding)
Stlth    +++.......             (no amulet)
HPRegen  0.10/turn              h - ring of wizardry
MPRegen  0.10/turn              (no ring)

@: very slightly contaminated, very slow
A: large, see invisible, deformed body, poison resistance, slowness 2, slow
metabolism 1, spit poison 1, AC +1
a: Spit Poison


You were on level 2 of the Dungeon.
You were hungry.

You visited 1 branch of the dungeon, and saw 2 of its levels.

You collected 68 gold pieces.

Inventory:

Hand Weapons
 a - a +1 dagger (weapon)
Missiles
 k - 4 atropa-tipped darts (quivered)
Armour
 b - a +0 robe (worn)
 n - a +0 shield (worn)
Jewellery
 h - a ring of wizardry (left hand)
Scrolls
 g - 2 scrolls of remove curse {unknown}
 j - 2 scrolls of teleportation {unknown}
 m - a scroll of fear {unknown}
 p - a scroll of blinking {unknown}
Potions
 c - a potion of invisibility {unknown}
 e - a potion of heal wounds {unknown}
 i - 3 potions of might {unknown}
 l - a potion of cancellation {unknown}
 o - 2 potions of curing {unknown}
Comestibles
 d - 4 rations
 f - 6 chunks of flesh


   Skills:
 + Level 1.1 Fighting
 + Level 1.3 Short Blades
 + Level 0.3 Armour
 + Level 1.9 Dodging
 + Level 4.7 Stealth
 * Level 0.4 Shields
 + Level 2.2 Spellcasting
 + Level 3.1 Hexes
 + Level 0.2 Ice Magic


You had 3 spell levels left.
You knew the following spells:

 Your Spells              Type           Power        Failure   Level  Hunger
a - Ensorcelled Hibernat  Hex/Ice        #.....       36%         2    ###....
b - Corona                Hex            ##.....      16%         1    #......

Your spell library contained the following spells:

 Spells                   Type           Power        Failure   Level  Hunger
 Confuse                  Hex            ##......     38%         3    ###....
 Tukima's Dance           Hex            ##......     38%         3    ###....
 Dazzling Spray           Conj/Hex       #.....       61%         3    ###....


Dungeon Overview and Level Annotations

Branches:
Dungeon (2/15)

Altars:

Annotations:
D:2 Jessica


Innate Abilities, Weirdness & Mutations

You cannot wear boots.
Your serpentine skin is tough. (AC +1)
You have supernaturally acute eyesight. (SInv)
Armour fits poorly on your strangely shaped body.
Your system is resistant to poisons. (rPois)
You cover ground very slowly.
You have a slow metabolism.
You can spit poison.


Message History

The jackal is almost dead.
The jackal barely misses you. The jackal closely misses you.
You block the jackal's attack.
You hit the jackal.
You kill the jackal!
You feel yourself speed up.
Jessica casts a spell.
Jessica blinks!
Casting: Ensorcelled Hibernation (safe; 36% risk of failure)
Confirm with . or Enter, or press ? or * to list all spells.
Aiming: Ensorcelled Hibernation (safe; 36% risk of failure)
Press: ? - help, Shift-Dir - straight line, f/p - Jessica
Aim: Jessica, wielding a +0 club and wearing a +0 robe (chance to defeat MR: 47%)
You miscast Ensorcelled Hibernation.
You are very lightly contaminated with residual magic.
Your hands feel numb with cold.
You are feeling hungry.
Jessica casts a spell at you. Pain shoots through your body!
You die...

..........#.#....
.......%.........
[............## #########
#..........# #.....##.
#..........# ###.###.##.
#..........# #...# #.##.
#..........# #.#####.##.
######÷###§# #.#...#.##.
######.# #@######.#.#)#.##.
#....#.###.@......#.#.#.###
+.................÷...÷....
#....#.......######.#.#####
#....#..####.##.....#.####.
..........................<.
##..........#...............
#..........####.....#......
#.................#.#.....#


You could see Jessica.

Vanquished Creatures
  2 adders (D:2)
  A worm (D:2)
  2 bats
  A giant cockroach (D:2)
  A goblin (D:1)
  5 hobgoblins
  2 jackals (D:2)
  A frilled lizard (D:2)
  2 kobolds
  5 rats
22 creatures vanquished.

Notes
Turn   | Place    | Note
-------+----------+-------------------------------------------
     0 | D:1      | Arixos the Naga Enchanter began the quest for the Orb.
     0 | D:1      | Reached XP level 1. HP: 15/15 MP: 3/3
   209 | D:1      | Reached XP level 2. HP: 24/24 MP: 5/5
   213 | D:1      | Learned a level 2 spell: Ensorcelled Hibernation
   522 | D:2      | Found a faded altar of an unknown god.
   591 | D:2      | Reached XP level 3. HP: 25/30 MP: 6/6
   736 | D:2      | Reached skill level 1 in Fighting
   801 | D:2      | Noticed Jessica
   818 | D:2      | Killed from afar by Jessica

Levels and vault maps discovered:
D:1:      scummos_arrival_star, layout_loops_ring
D:2:      layout_basic, chequers_ecumenical_altar_simple_redux, first_ration,
          uniq_jessica

Skill      XL: |  1  2  3 |
---------------+----------+-----
Fighting       | 1 |  1.1
Short Blades   | |  1.3
Armour         | |  0.3
Dodging        | |  1.9
Stealth        | |  4.7
Shields        | |  0.4
Spellcasting   | |  2.2
Hexes          | |  3.1
Ice Magic      | |  0.2

Action                   || total
-------------------------++-------
Melee: Dagger            ||    40
 Cast: Ensorcelled Hiber ||     4
 Abil: Spit Poison       ||    13
 Stab: Sleeping          ||     8
Armor: Robe              ||     2
Dodge: Dodged            ||    13
Block: Shield            ||    11

Table legend:
 A = Non-vault XP
 B = Vault XP
 C = Vault XP percentage of total XP
 D = Non-vault monster count
 E = Vault monster count
 F = Vault count percentage of total count
                 A         B        C        D         E       F
            +---------+---------+-------+---------+---------+-------
      Total |      62 |       0 |   0.0 |      22 |       0 |   0.0
            +---------+---------+-------+---------+---------+-------
        D:1 |      14 |       0 |   0.0 |       9 |       0 |   0.0
        D:2 |      48 |       0 |   0.0 |      13 |       0 |   0.0
            +---------+---------+-------+---------+---------+-------
